 Dungeon Crawl Stone Soup version 0.24-a0-378-g94936e5 (webtiles) character file.

Game seed: 163325053701805983

120 topirishpotato the Sneak (level 4, -1/33 HPs)
             Began as a Demonspawn Assassin on June 2, 2019.
             Killed from afar by an orc wizard (3 damage)
             ... with a puff of frost
             ... on level 3 of the Dungeon.
             The game lasted 00:04:28 (2475 turns).

topirishpotato the Sneak (Demonspawn Assassin)      Turns: 2475, Time: 00:04:28

Health: -1/33      AC:  7    Str: 13    XL:     4   Next: 75%
Magic:  4/4        EV: 12    Int: 12    God:
Gold:   166        SH:  0    Dex: 14    Spells: 3/3 levels left

rFire    x . .     SeeInvis .   a - +3 dagger
rCold    + . .     Gourm    .   (no shield)
rNeg     . . .     Faith    .   h - +0 leather armour
rPois    .         Spirit   .   (helmet restricted)
rElec    .         Reflect  .   c - +1 cloak
rCorr    .         Harm     .   i - +0 pair of gloves
MR       .....                  (no boots)
Stlth    +++.......             (no amulet)
HPRegen  0.11/turn              n - ring of ice
MPRegen  0.09/turn              (no ring)

@: no status effects
A: horns 1, rugged brown scales 1, spiny 1
a: no special abilities


You were on level 3 of the Dungeon.
You were not hungry.

You visited 1 branch of the dungeon, and saw 3 of its levels.

You collected 166 gold pieces.

Inventory:

Hand Weapons
 a - a +3 dagger (weapon)
Missiles
 d - 17 poisoned darts (quivered)
 e - a curare-tipped dart
Armour
 c - a +1 cloak (worn)
 h - a +0 leather armour (worn)
 i - a +0 pair of gloves (worn)
Jewellery
 n - a ring of ice (left hand)
Scrolls
 m - 2 scrolls of teleportation
Potions
 b - a potion of lignification {unknown}
 j - 2 potions of might
 k - a potion of haste {unknown}
 l - a potion of curing {unknown}
 o - a potion of berserk rage {unknown}
 p - 2 potions of invisibility {unknown}
Comestibles
 f - 4 rations


   Skills:
 + Level 2.3 Fighting
 + Level 2.4 Short Blades
 - Level 1.7 Throwing
 + Level 1.3 Armour
 + Level 2.1 Dodging
 + Level 4.5 Stealth


You had 3 spell levels left.
You didn't know any spells.
Your spell library was empty.

Dungeon Overview and Level Annotations

Branches:
Dungeon (3/15)

Altars:


Innate Abilities, Weirdness & Mutations

You have a pair of small horns on your head.
You are partially covered in rugged brown scales. (AC +1, +3% HP)
You are partially covered in sharp spines.


Message History

Your Dodging skill increases to level 2!
You miss something. You barely miss something. Your headbutt misses something.
Something completely misses you. The orc barely misses you.
You hit something but do no damage. Something hits you but does no damage.
The orc hits you but does no damage.
You hit something but do no damage.
You hear some strange, mumbled words.
A puff of frost appears from out of thin air!
The puff of frost hits you. You resist.
* * * LOW HITPOINT WARNING * * *
The orc hits you from afar with a cursed -1 trident.
* * * LOW HITPOINT WARNING * * *
You hit something. Something hits you.
* * * LOW HITPOINT WARNING * * *
You barely miss something. Your headbutt misses something. The orc misses you.
You hear some strange, mumbled words.
A puff of frost appears from out of thin air!
The puff of frost hits you. You resist.
You die...

#.# #.# #######.#
#.....#.# #.....#.#
#.....#.# ###
######.....#.######.....
................@)o>....
###.###.####.######.####
....# #.# .[.#
....###.#.#### .....##.#
........# .....##.#
.....##.# ...[.##.#


You could see an orc.

Vanquished Creatures
  An orc priest (D:3)
  An orc wizard (D:3)
  A dart slug (D:1)
  4 leopard geckos
  5 orcs (D:3)
  A giant cockroach (D:2)
  7 goblins
  3 hobgoblins
  6 jackals (D:1)
  4 kobolds (D:1)
  A quokka (D:2)
  A ball python (D:2)
  8 bats
  4 frilled lizards
  4 rats
  A fungus (D:1)
52 creatures vanquished.

Notes
Turn   | Place    | Note
-------+----------+-------------------------------------------
     0 | D:1      | topirishpotato the Demonspawn Assassin began the quest for
                  | the Orb.
     0 | D:1      | Reached XP level 1. HP: 16/16 MP: 1/1
   272 | D:1      | Reached skill level 1 in Dodging
   820 | D:1      | You fall into a shaft and drop 1 floor!
   827 | D:2      | Gained mutation: You are partially covered in rugged brown
                  | scales. (AC +1, +3% HP) [demonic ancestry]
   827 | D:2      | Reached XP level 2. HP: 16/22 MP: 2/2
   941 | D:1      | Reached skill level 4 in Stealth
  1145 | D:1      | Gained mutation: You are partially covered in sharp spines.
                  | [demonic ancestry]
  1145 | D:1      | Reached XP level 3. HP: 6/27 MP: 3/3
  2263 | D:3      | Reached skill level 1 in Armour
  2263 | D:3      | Gained mutation: You have a pair of small horns on your
                  | head. [demonic ancestry]
  2263 | D:3      | Reached XP level 4. HP: 24/33 MP: 4/4
  2374 | D:3      | Found a faded altar of an unknown god.
  2475 | D:3      | Killed from afar by an orc wizard

Levels and vault maps discovered:
D:1:      dpeg_arrival_water_fire, layout_basic
D:2:      layout_loops_ring, first_ration
D:3:      layout_basic, chequers_ecumenical_altar_simple_redux

Skill      XL: |  1  2  3  4 |
---------------+-------------+-----
Dodging        | 1 2 |  2.1
Stealth        | 4 |  4.5
Short Blades   | 2 |  2.4
Armour         | 1 |  1.3
Fighting       | |  2.3
Throwing       | |  1.7

Action                   |  1- 3 |  4- 6 || total
-------------------------+-------+-------++-------
Melee: Dagger            |   148 |    29 ||   177
       Headbutt          |       |     5 ||     5
Throw: Dart              |    10 |       ||    10
  Use: Scroll            |     9 |       ||     9
 Stab: Sleeping          |     6 |       ||     6
       Distracted        |     1 |       ||     1
  Eat: Chunk             |     2 |       ||     2
       Ration            |     1 |       ||     1
Armor: Leather armour    |    81 |     6 ||    87
Dodge: Dodged            |   114 |    12 ||   126

Table legend:
 A = Non-vault XP
 B = Vault XP
 C = Vault XP percentage of total XP
 D = Non-vault monster count
 E = Vault monster count
 F = Vault count percentage of total count
                 A         B        C        D         E       F
            +---------+---------+-------+---------+---------+-------
      Total |     172 |       0 |   0.0 |      51 |       0 |   0.0
            +---------+---------+-------+---------+---------+-------
        D:1 |      55 |       0 |   0.0 |      29 |       0 |   0.0
        D:2 |      13 |       0 |   0.0 |       8 |       0 |   0.0
        D:3 |     104 |       0 |   0.0 |      14 |       0 |   0.0
            +---------+---------+-------+---------+---------+-------
